 Dungeon Sprint DCSS version 0.27-a0-1332-g84bddb5ca7 (webtiles) character file.

Game seed: 4224260805346778874

441 mhtbhm the Thaumaturge (level 6, -1/33 HPs)
             Began as a Deep Elf Earth Elementalist on June 25, 2021.
             Was a Follower of Vehumet.
             Splashed by an acid dragon's acid (11 damage)
             ... in the Dungeon (Sprint IX: "|||||||||||||||||||||||||||||").
             The game lasted 00:02:09 (722 turns).

mhtbhm the Thaumaturge (Deep Elf Earth Elementalist) Turns: 722, Time: 00:02:09

Health: -1/33      AC:  0    Str:  5    XL:     6   Next: 70%
Magic:  13/28      EV: 14    Int: 28    God:    Vehumet [*.....]
Gold:   0          SH:  0    Dex: 15    Spells: 12/27 levels left

rFire    . . .     SeeInvis .   a - +6 Majin-Bo {vamp, MP+6 Int+6}
rCold    . . .     Faith    .   (shield currently unavailable)
rNeg     . . .     Spirit   .   b - +0 robe
rPois    .         Reflect  .   m - +0 helmet
rElec    .         Harm     .   (no cloak)
rCorr    .         Rampage  .   (no gloves)
Will     .....     NoTele   +   n - +0 pair of boots
Stlth    +++.......             (no amulet)
HPRegen  0.11/turn              (no ring)
MPRegen  0.21/turn              (no ring)

@: corroded
A: no striking features
a: Renounce Religion


You were in the Dungeon.
You worshipped Vehumet.
Vehumet was aware of your devotion.
You visited 1 branch

Inventory:

Hand Weapons
 a - the +6 Majin-Bo (weapon) {vamp, MP+6 Int+6}
   (You found it in the Dungeon)

   It inflicts no extra harm, but heals its wielder when it wounds a living foe.
   It affects your intelligence (+6).
   It affects your magic capacity (+6).
Missiles
 i - 9 stones
Armour
 b - a +0 robe (worn)
 m - a +0 helmet (worn)
 n - a +0 pair of boots (worn)
Jewellery
 o - a +3 ring of strength
 p - a +2 ring of evasion
Scrolls
 h - 2 scrolls of blinking
 j - 2 scrolls of amnesia
Potions
 c - 3 potions of curing
 d - 2 potions of heal wounds
 f - 4 potions of magic
 g - a potion of berserk rage
 l - a potion of invisibility


   Skills:
 + Level 0.4 Fighting
 + Level 5.5 Dodging
 + Level 6.0 Stealth
 + Level 11.1 Spellcasting
 + Level 1.4 Transmutations
 + Level 10.9 Earth Magic
 + Level 3.1 Evocations


You had 12 spell levels left.
You knew the following spells:

 Your Spells              Type           Power      Damage    Failure   Level
a - Sandblast             Erth           100%       2d20      1%          1
b - Passwall              Tmut/Erth      41%        N/A       1%          2
c - Stone Arrow           Conj/Erth      92%        3d12      1%          3
d - Lee's Rapid Deconstr  Erth           33%        3d18*     1%          5
e - Petrify               Tmut/Erth      50%        N/A       2%          4

Your spell library contained the following spells:

 Spells                   Type           Power      Damage    Failure   Level
 Foxfire                  Conj/Fire      60%        2x1d7     3%          1


Dungeon Overview and Level Annotations

Branches:
Dungeon (1/1)

Altars:
Cheibriados
Dithmenos
Elyvilon
Fedhas
Gozag
Hepliaklqana
Kikubaaqudgha
Makhleb
Nemelex Xobeh
Okawaru
Qazlal
Ru
Sif Muna
Trog
Uskayaw
Vehumet
Wu Jian
Xom
Yredelemnul
Zin
The Shining One
Beogh
Jiyva
Lugonu


Message History

Okay, then.
Unknown command.
Casting: Lee's Rapid Deconstruction (quite dangerous; 1% risk of failure)
Confirm with . or Enter, or press ? or * to list all spells.
The spell is quite dangerous to cast (1% risk of failure)!
Continue anyway?
Aiming: Lee's Rapid Deconstruction (quite dangerous; 1% risk of failure)
Press: ? - help, Dir - move target An open door to the Temple.
The stone door frame shatters!
The blast of rock fragments hits the yak!
The yak is moderately wounded.
Unknown command.
Unknown command.
Unknown command.
Casting: Lee's Rapid Deconstruction (quite dangerous; 1% risk of failure)
Confirm with . or Enter, or press ? or * to list all spells.
The spell is quite dangerous to cast (1% risk of failure)!
Continue anyway?
Aiming: Lee's Rapid Deconstruction (quite dangerous; 1% risk of failure)
Press: ? - help, Dir - move target, f - yak Fragment what (e.g. wall or brittle monster)?: a yak (moderately wounded)
An open door to the Temple.
The stone door frame shatters!
The blast of rock fragments hits the yak!!
The yak is almost dead.
Unknown command.
Unknown command.
Casting: Lee's Rapid Deconstruction (quite dangerous; 1% risk of failure)
Confirm with . or Enter, or press ? or * to list all spells.
The spell is quite dangerous to cast (1% risk of failure)!
Continue anyway?
Aiming: Lee's Rapid Deconstruction (quite dangerous; 1% risk of failure)
Press: ? - help, Dir - move target, p - yak An open door to the Temple.
The stone door frame shatters!
The blast of rock fragments hits the yak!!
You kill the yak!
Vehumet accepts your kill.
The acid dragon roars!
The acid dragon spits acid at you. The splash of acid hits you!
The acid corrodes you!
You are splashed with acid!
You die... ▓▓▓▓▓▓▓▓▓▓▓▓▓▓▓▓▓▓▓▓▓▓▓▓▓▓▓▓▓▓▓ ▓<†..).)...)..@..'___D______Y__ ▓▓▓▓▓▓▓▓▓▓▓▓▓▓▓▓▓▓▓▓▓▓▓▓▓▓▓▓▓▓▓

You could see an acid dragon (catching breath).

Vanquished Creatures
  A vampire (D)
  A yak (D)
  An orc warrior (D)
  A centaur (D)
  A scorpion (D)
  An orc wizard (D)
  An adder (D)
  An ufetubus (D)
  An orc (D)
  A hobgoblin (D)
  A jackal (D)
  A kobold (D)
  A ball python (D)
  A ball python zombie (D)
  A goblin (D)
15 creatures vanquished.

Notes
Turn   | Place    | Note
-------+----------+-------------------------------------------
     0 | D        | mhtbhm the Deep Elf Earth Elementalist began the quest for
                  | the Orb.
     0 | D        | Reached XP level 1. HP: 10/10 MP: 6/6
    86 | D        | Noticed a scorpion
    90 | D        | Reached skill level 4 in Spellcasting
    90 | D        | Reached XP level 2. HP: 15/15 MP: 5/9
   227 | D        | Learned a level 2 spell: Passwall
   231 | D        | Reached skill level 5 in Earth Magic
   234 | D        | Killed a scorpion
   235 | D        | Reached skill level 6 in Spellcasting
   235 | D        | Reached XP level 3. HP: 9/19 MP: 2/13
   235 | D        | Reached XP level 4. HP: 11/24 MP: 2/14
   321 | D        | Found a snail-covered altar of Cheibriados.
   321 | D        | Found a shadowy altar of Dithmenos.
   321 | D        | Found a white marble altar of Elyvilon.
   321 | D        | Found a blossoming altar of Fedhas.
   321 | D        | Found an opulent altar of Gozag.
   322 | D        | Found a hazy altar of Hepliaklqana.
   323 | D        | Found a viscous altar of Jiyva.
   324 | D        | Found an ancient bone altar of Kikubaaqudgha.
   325 | D        | Found a corrupted altar of Lugonu.
   326 | D        | Found a burning altar of Makhleb.
   327 | D        | Found a sparkling altar of Nemelex Xobeh.
   328 | D        | Found an iron altar of Okawaru.
   329 | D        | Found a stormy altar of Qazlal.
   330 | D        | Found a sacrificial altar of Ru.
   331 | D        | Found a shimmering blue altar of Sif Muna.
   332 | D        | Found a bloodstained altar of Trog.
   333 | D        | Found a hide-covered altar of Uskayaw.
   334 | D        | Found a radiant altar of Vehumet.
   335 | D        | Found an ornate altar of the Wu Jian Council.
   336 | D        | Found a shimmering altar of Xom.
   337 | D        | Found a basalt altar of Yredelemnul.
   338 | D        | Found a glowing silver altar of Zin.
   339 | D        | Found a glowing golden altar of the Shining One.
   342 | D        | Became a worshipper of Vehumet
   349 | D        | Found the +6 Majin-Bo {vamp, MP+6 Int+6}
   514 | D        | Learned a level 3 spell: Stone Arrow
   514 | D        | Noticed a centaur
   514 | D        | Noticed a vampire
   514 | D        | Noticed an orc warrior
   514 | D        | Noticed a yak
   514 | D        | Noticed an acid dragon
   516 | D        | Killed a centaur
   517 | D        | Reached skill level 8 in Spellcasting
   517 | D        | Reached XP level 5. HP: 28/28 MP: 17/17
   545 | D        | Killed a vampire
   546 | D        | Reached skill level 5 in Dodging
   546 | D        | Reached skill level 5 in Stealth
   546 | D        | Reached skill level 10 in Spellcasting
   546 | D        | Reached skill level 10 in Earth Magic
   546 | D        | Reached XP level 6. HP: 33/33 MP: 21/21
   547 | D        | Killed an orc warrior
   547 | D        | Reached * piety under Vehumet
   547 | D        | Offered knowledge of Foxfire by Vehumet.
   548 | D        | Reached skill level 11 in Spellcasting
   711 | D        | Learned a level 5 spell: Lee's Rapid Deconstruction
   716 | D        | Learned a level 4 spell: Petrify
   722 | D        | Killed a yak
   722 | D        | Splashed by an acid dragon's acid

Illustrated notes

Levels and vault maps discovered:
D:        linesprint [early_d, line_temple, items_1, d_10, items_2, lair_1,
          lair_end, items_3, orc_1, orc_end, items_4, d_15, swamp_1, shoals_1,
          snake_1, spider_1, d_20, vaults_1, items_5, swamp_end, shoals_end,
          snake_end, spider_end, vaults_end, d_27, items_6, zot_1, zot_end,
          crypt_end, forest_end, elf_end, slime_end, tomb_end, abyss_end,
          pan_hell_end]

Skill      XL: |  1  2  3  4  5  6 |
---------------+-------------------+-----
Dodging        | 3 4 5 |  5.5
Earth Magic    | 4 6 8 10 | 10.9
Spellcasting   | 4 6 8 10 11 | 11.1
Stealth        | 3 4 5 6 |  6.0
Evocations     | 2 3 |  3.1
Fighting       | |  0.4
Transmutations | |  1.4

Action                   |  1- 3 |  4- 6 || total
-------------------------+-------+-------++-------
 Cast: Sandblast         |    16 |     7 ||    23
       Lee's Rapid Decon |       |     3 ||     3
Evoke: Wand              |       |    10 ||    10
  Use: Potion            |       |     4 ||     4
Armor: Robe              |     2 |       ||     2
Dodge: Dodged            |     9 |     1 ||    10

Table legend: (Time is in decaauts)
 A = Elapsed time spent in this place.
 B = Non-inter-level travel time spent in this place.
 C = Inter-level travel time spent in this place.
 D = Time resting spent in this place.
 E = Time spent auto-exploring this place.
 F = Levels seen in this place.
 G = Mean time per level.
                   A        B        C        D        E       F      G
               +--------+--------+--------+--------+--------+-----+--------+
         Total |    702 |    702 |      0 |    533 |      4 |   1 |  702.0 |
       Dungeon |    702 |    702 |      0 |    533 |      4 |   1 |  702.0 |
               +--------+--------+--------+--------+--------+-----+--------+

Top non-repeatable levels by time:
       D: 702 daAuts
